 Dungeon Crawl Stone Soup version 0.29.0-13-gc9e81de378 (webtiles) character file.

Game seed: 15326974255079285698

686 Revguard the Trooper (level 7, -1/60 HPs)
             Began as a Human Fighter on Sept 9, 2022.
             Was a Follower of Zin.
             Slain by an orc
             ... wielding a +0 short sword
              (2 damage)
             ... on level 5 of the Dungeon.
             The game lasted 00:12:04 (4599 turns).

Revguard the Trooper (Human Fighter)                Turns: 4599, Time: 00:12:04

Health: -1/60      AC: -4    Str: 17    XL:     7   Next: 94%
Magic:  11/11      EV: 12    Int:  8    God:    Zin [*.....]
Gold:   172        SH:  6    Dex: 20    Spells: 6/6 levels left

rFire   . . .      SeeInvis .   a - +1 long sword (freeze)
rCold   . . .      Faith    .   c - +0 buckler
rNeg    . . .      Spirit   .   b - +0 scale mail
rPois   .          Reflect  .   (no helmet)
rElec   .          Harm     .   (no cloak)
rCorr   .          Rampage  .   (no gloves)
Will    .....                   (no boots)
Stlth   ..........              (no amulet)
HPRegen 0.20/turn               g - +6 ring of dexterity
MPRegen 0.12/turn               (no ring)

@: corroded, on recite cooldown
A: hooves 1, MP-powered wands
a: Renounce Religion, Recite, Donate Gold


You were on level 5 of the Dungeon.
You worshipped Zin.
Zin was aware of your devotion.
You visited 1 branch of the dungeon, and saw 5 of its levels.

You collected 243 gold pieces.
You spent 52 gold pieces at shops.
You donated 19 gold pieces to Zin.

Inventory:

Hand Weapons
 a - a +1 long sword of freezing (weapon)
Armour
 b - a +0 scale mail (worn)
 c - a +0 buckler (worn)
Jewellery
 g - a +6 ring of dexterity (left hand)
Wands
 p - a wand of mindburst (10)
Scrolls
 j - 2 scrolls of teleportation
 l - a scroll of magic mapping
 m - a scroll of enchant armour
 q - a scroll of amnesia
Potions
 e - a potion of brilliance
 f - a potion of ambrosia
 i - a potion of magic


   Skills:
 + Level 7.6 Fighting
 + Level 5.3 Long Blades
 + Level 6.0 Armour
 + Level 4.7 Dodging
 + Level 5.7 Shields
 + Level 5.4 Invocations
 + Level 4.7 Evocations


You had 6 spell levels left.
You didn't know any spells.
Your spell library was empty.

Dungeon Overview and Level Annotations

Branches:
Dungeon (5/15)
 Temple: D:4-7

Altars:
Zin

Shops:
D:2 =*?   D:3 [


Innate Abilities, Weirdness & Mutations

You have large cloven feet.
You expend magic power (3 MP) to strengthen your wands.


Message History

The orc is struck blind by the wrath of Zin!
The orc closely misses you. The jelly hits you but does no damage.
You hit the jelly. You freeze the jelly. The acid corrodes you!
Your hands burn!
You kick the jelly.
The jelly is severely wounded. "...ye guilty, ye guilty..."
The orc is struck blind by the wrath of Zin!
You block the orc's attack.
The jelly jiggles.
The jelly hits you.
You are splashed with acid.
You hit the jelly but do no damage. The acid corrodes you!
Your hands burn!
You kick the jelly, but do no damage.
The jelly is severely wounded. "...of disloyalty, Zin taketh."
You finish reciting Apostates 5:54.
You block the orc's attack. The jelly hits you. The acid corrodes you!
You are splashed with acid!
You hit the jelly but do no damage.
Your hands burn!
You kick the jelly, but do no damage.
The jelly is severely wounded.
The jelly hits you.
You are splashed with acid.
The orc closely misses you.
Aiming: Mindburst
Press: ? - help, Shift-Dir - straight line, f - jelly
Aim: a jelly (severely wounded, not susceptible)
Okay, then.
You hit the jelly but do no damage.
Your hands burn!
* * * LOW HITPOINT WARNING * * *
The jelly is severely wounded.
The howler monkey hoots and howls with incredible vigour!
You block the orc's attack. The jelly hits you.
* * * LOW HITPOINT WARNING * * *
The acid corrodes you!
You are splashed with acid!
* * * LOW HITPOINT WARNING * * *
You hear an angry hiss.
You hear a shout!
Okay, then.
Okay, then.
The orc hits you with a +0 short sword.
* * * LOW HITPOINT WARNING * * *
The orc attacks as you move away! The orc hits you with a +0 short sword.
You die...

..............# ######## .o.h...
#.............# ....#... .o...
(..........#####....#...
##....####...................#...
#..o..#......................#...
#....##....####.............####.
#....##....o..#........)....# #.
##...##.......#o............# #.
...)........o.hJ@.........######.
##....#......o####............##.
..)##.....#...#......###......##.
..o#.[..#...........#.........##.
........#...........#.........##.
##......#.....#.....#..........#.
#o.....#.....###+###......#...#'
...#....#.....# #.......#.....
...####......... #.......#.....


You could see a howler monkey (catching breath), a jelly and 4 orcs.

Vanquished Creatures
  An ogre (D:3)
  A centaur (D:5)
  A jelly (D:5)
  An orc priest (D:5)
  A hound (D:4)
  3 iguanas
  2 adders
  4 worms
  2 dart slugs
  12 orcs
  5 ball pythons
  9 bats
  3 endoplasms
  A giant cockroach (D:3)
  5 goblins
  12 hobgoblins
  4 kobolds
  A quokka (D:1)
  3 frilled lizards
  3 rats
74 creatures vanquished.

Notes
Turn   | Place    | Note
-------+----------+-------------------------------------------
     0 | D:1      | Revguard the Human Fighter began the quest for the Orb.
     0 | D:1      | Reached XP level 1. HP: 18/18 MP: 1/1
   108 | D:1      | Reached XP level 2. HP: 11/24 MP: 2/2
   473 | D:1      | Found a faded altar of an unknown god.
   893 | D:1      | Reached XP level 3. HP: 22/29 MP: 3/3
  1355 | D:2      | Reached skill level 1 in Dodging
  1502 | D:2      | Found Xaxiant's Assorted Antiques.
  1528 | D:2      | Reached skill level 1 in Invocations
  1528 | D:2      | Reached XP level 4. HP: 29/35 MP: 4/4
  1718 | D:2      | Found Xiefruw's Jewellery Emporium.
  1804 | D:2      | Found Unur's Magic Scroll Boutique.
  1994 | D:2      | Bought a scroll of identify for 26 gold pieces
  1994 | D:2      | Bought a scroll of identify for 26 gold pieces
  2168 | D:3      | Noticed an ogre
  2645 | D:3      | Killed an ogre
  2646 | D:3      | Reached skill level 1 in Evocations
  2646 | D:3      | Reached XP level 5. HP: 42/42 MP: 4/6
  2910 | D:3      | Found Jomoo's Armour Shoppe.
  3383 | D:3      | Gained mutation: You have large cloven feet. [potion of
                  | mutation]
  3383 | D:3      | Gained mutation: You expend magic power (3 MP) to
                  | strengthen your wands. [potion of mutation]
  3455 | D:4      | Reached XP level 6. HP: 34/48 MP: 7/7
  3775 | D:4      | Found a glowing silver altar of Zin.
  3794 | D:4      | Reached skill level 4 in Fighting
  3802 | D:4      | Became a worshipper of Zin the Law-Giver
  3802 | D:4      | Reached * piety under Zin
  4363 | D:4      | Reached skill level 7 in Fighting
  4363 | D:4      | Reached skill level 5 in Long Blades
  4363 | D:4      | Reached skill level 5 in Armour
  4363 | D:4      | Reached skill level 5 in Shields
  4363 | D:4      | Reached skill level 5 in Invocations
  4363 | D:4      | Reached XP level 7. HP: 60/60 MP: 7/11
  4424 | D:5      | Entered Level 5 of the Dungeon
  4598 | D:5      | HP: 1/60 [orc/+0 short sword (5)]
  4599 | D:5      | Slain by an orc

Illustrated notes

Levels and vault maps discovered:
D:1:      minmay_arrival_four_houses, layout_basic,
          hellmonk_ecumenical_altar_inner_sanctum
D:2:      layout_basic, serial_shops, nicolae_shop_stone, shop, shop
D:3:      layout_basic, serial_shops, shop, guppyfry_early_orc_mine
D:4:      layout_loops_ring, lemuel_tele_altar
D:5:      layout_basic, nicolae_overflow_hidden_temple

Skill      XL: |  1  2  3  4  5  6  7 |
---------------+----------------------+-----
Dodging        | 1 4 |  4.7
Invocations    | 1 5 |  5.4
Evocations     | 1 4 |  4.7
Fighting       | 7 |  7.6
Long Blades    | 5 |  5.3
Armour         | 5 6 |  6.0
Shields        | 5 |  5.7

Action                   |  1- 3 |  4- 6 |  7- 9 || total
-------------------------+-------+-------+-------++-------
Melee: Long sword        |    87 |   111 |    26 ||   224
       Kick              |       |    10 |     9 ||    19
Throw: Throwing net      |       |     1 |       ||     1
Invok: Recite            |       |       |     2 ||     2
  Use: Scroll            |       |    14 |     1 ||    15
       Potion            |       |     8 |       ||     8
 Stab: Invisible         |       |     3 |       ||     3
       Held in net/web   |       |     1 |       ||     1
       Confused          |       |       |     1 ||     1
Armor: Scale mail        |    53 |    30 |    16 ||    99
Dodge: Dodged            |    54 |    47 |    24 ||   125
Block: Buckler           |    29 |    35 |    13 ||    77
